Map: Newkirk Precinct TE (Void)

Players

Silky

  • Race: Zerg Zerg
  • Spawn Location: 5:00

Warren - Winner!

  • Race: Zerg Zerg
  • Spawn Location: 7:00

Event: WCS Austin 2017

VOD

Have the link to the VOD?

Description

Time

  • Played on: April 28, 2017, 2:02 p.m.
  • Length: 8:38

All games in this series

Show
View Real Time Build Order
Export as new Build Order

Silky Zerg 

Build Orders: Pool First 

Get SALT Encoding   

  12  0:00  Drone  
  13  0:12  Overlord  
  13  0:17  Drone  
  14  0:31  Drone  
  14  0:32  Drone  
  14  0:35  Drone  
  17  0:46  Extractor  
  17  0:47  Drone  
  17  0:50  Spawning Pool  
  17  0:56  Drone  
  17  1:07  Drone  
  18  1:19  Hatchery  
  18  1:23  Drone  
  18  1:29  Drone  
  19  1:37  Queen  
  21  1:42  Zergling x2  
  22  1:48  Metabolic Boost  
  22  1:55  Overlord  
  22  2:08  Baneling Nest  
  22  2:09  Spine Crawler  
  22  2:15  Zergling x2  
  21  2:17  Zergling x2  
  21  2:25  Zergling x2  
  22  2:31  Queen  
  22  2:36  Zergling x2  
  25  2:38  Zergling x2  
  27  2:46  Overlord  
  27  2:50  Zergling x2  
  27  2:51  Zergling x2  
  29  2:53  Baneling x2  
  23  3:11  Drone  
  21  3:17  Drone  
  22  3:22  Drone  
  23  3:27  Drone  
  23  3:30  Drone  
  25  3:36  Drone  
  26  3:48  Drone x2  
  26  3:49  Drone x2  
  30  4:10  Hatchery  
  30  4:12  Drone  
  30  4:17  Evolution Chamber  
  29  4:19  Drone  
  29  4:23  Drone  
  31  4:28  Drone  
  31  4:33  Drone  
  31  4:34  Drone  
  33  4:41  Drone  
  33  4:44  Zerg Missile Weapons Level 1  
  33  4:50  Zergling x2  
  33  4:52  Drone x2  
  36  4:53  Drone  
  37  5:05  Overlord  
  37  5:17  Overlord  
  37  5:21  Extractor  
  37  5:24  Drone  
  37  5:26  Lair  
  37  5:27  Drone  
  38  5:34  Drone  
  39  5:35  Drone  
  39  5:40  Extractor  
  39  5:41  Roach Warren  
  36  5:46  Drone x2  
  38  5:54  Drone x2  
  38  5:55  Drone  
  40  5:58  Drone  
  40  6:00  Drone  
  40  6:01  Drone  
  43  6:04  Zergling x2  
  44  6:11  Drone  
  44  6:13  Drone  
  46  6:21  Roach  
  46  6:22  Roach  
  50  6:26  Glial Reconstitution  
  50  6:28  Roach x3  
  50  6:32  Roach x2  
  58  6:45  Hatchery  
  57  6:48  Roach  
  57  6:53  Overlord  
  59  7:01  Overlord  
  59  7:02  Overlord  
  59  7:07  Overseer  
  59  7:11  Overlord  
  59  7:13  Drone  
  59  7:15  Overlord  
  60  7:21  Drone x7  
  67  7:28  Drone  
  67  7:34  Roach  
  69  7:37  Queen  
  69  7:38  Roach  
  69  7:40  Roach  
  69  7:42  Drone x3  
  78  7:48  Roach x2  
  78  7:49  Roach  
  84  7:53  Drone  
  84  7:57  Roach  
  87  8:01  Roach x2  
  91  8:08  Roach  
  91  8:10  Overlord x2  
  91  8:11  Drone  
  91  8:12  Roach  
  96  8:16  Roach  
  96  8:17  Overlord  
  96  8:19  Unknown  
Show
View Real Time Build Order
Export as new Build Order

Warren Zerg - Winner!

Build Orders: Pool First 

Get SALT Encoding   

  12  0:00  Drone  
  13  0:09  Extractor  
  12  0:25  Spawning Pool  
  11  0:31  Drone  
  11  0:35  Drone  
  13  0:40  Drone  
  14  0:52  Overlord  
  14  1:11  Zergling x4  
  14  1:12  Metabolic Boost  
  14  1:15  Zergling x2  
  17  1:25  Zergling x2  
  18  1:32  Baneling Nest  
  18  1:36  Zergling x2  
  18  1:46  Zergling x2  
  19  1:57  Zergling x2  
  20  2:09  Zergling x2  
  21  2:20  Zergling x2  
  22  2:28  Baneling x2  
  22  2:33  Overlord  
  22  2:39  Hatchery  
  21  2:50  Drone  
  19  3:10  Drone x2  
  19  3:11  Queen  
  20  3:16  Drone  
  21  3:23  Drone  
  22  3:29  Baneling  
  22  3:33  Drone  
  23  3:37  Baneling  
  23  3:44  Drone  
  24  3:52  Queen  
  26  3:55  Queen  
  26  3:57  Drone  
  26  3:58  Zergling x2  
  30  4:05  Drone  
  30  4:08  Zergling x2  
  32  4:12  Baneling  
  32  4:13  Baneling x2  
  32  4:16  Spine Crawler  
  31  4:19  Zergling x2  
  31  4:24  Zergling x2  
  33  4:32  Drone x3  
  36  4:45  Overlord x2  
  37  5:04  Drone x7  
  43  5:10  Drone x4  
  47  5:25  Hatchery  
  46  5:34  Lair  
  45  5:38  Extractor  
  45  5:39  Drone x2  
  45  5:40  Drone x3  
  49  5:46  Evolution Chamber  
  49  5:49  Roach Warren  
  47  5:53  Drone x2  
  47  5:54  Drone  
  47  5:56  Extractor  
  49  6:02  Drone x2  
  49  6:03  Overlord  
  51  6:08  Overlord  
  51  6:12  Zerg Missile Weapons Level 1  
  51  6:28  Drone x2  
  51  6:29  Drone x5  
  56  6:36  Drone x2, Glial Reconstitution  
  56  6:38  Roach x2  
  62  6:46  Roach x2  
  65  6:51  Roach x3  
  71  7:00  Extractor  
  69  7:02  Roach x2  
  69  7:03  Overlord  
  69  7:04  Overlord x2  
  73  7:12  Spine Crawler  
  73  7:14  Roach  
  74  7:18  Overlord  
  74  7:24  Roach x3  
  74  7:25  Roach x3  
  85  7:33  Roach  
  85  7:34  Roach x3, Unknown  
  93  7:39  Roach x3  
  93  7:42  Overseer  
  99  7:46  Overlord x2  
  99  7:50  Roach x2  
  103  7:58  Drone  
  104  8:05  Roach  
  106  8:06  Roach x5  
  106  8:11  Overlord x2  
Tags
 
Add a new tag
Caveats
  • Supply blocks, unpowered buildings, or Contaminate may cause inaccurate times.
  • Supply counts are checked every 10 seconds.